Map: Odyssey LE

Players

Awers - Winner!

  • Race: Terran Terran
  • League: Master
  • Spawn Location: 5:00

IlIlIlIlIlIl

  • Race: Zerg Zerg
  • League: Grandmaster
  • Spawn Location: 11:00

VOD

Have the link to the VOD?

Description

Time

  • Played on: May 26, 2017, 3:51 p.m.
  • Length: 33:30
Show
View Real Time Build Order
Export as new Build Order

Awers Terran - Winner!

Build Orders: Reaper Expand, Mech 

Get SALT Encoding   

  12  0:00  SCV  
  13  0:12  SCV  
  14  0:17  Supply Depot  
  14  0:25  SCV  
  14  0:27  Refinery  
  15  0:38  SCV  
  16  0:44  Barracks  
  16  0:50  SCV  
  18  1:04  SCV  
  18  1:16  SCV  
  19  1:30  Orbital Command  
  19  1:31  Reaper  
  20  1:42  Command Center  
  20  1:53  Factory  
  20  1:56  SCV  
  21  2:04  Refinery  
  21  2:06  Barracks Reactor  
  21  2:08  SCV  
  21  2:14  Supply Depot  
  22  2:20  SCV  
  23  2:35  SCV  
  24  2:45  Armory  
  24  2:47  Hellion  
  24  2:48  SCV, Hellion  
  29  2:56  Orbital Command  
  29  3:01  SCV  
  30  3:08  Hellion  
  30  3:10  Hellion  
  34  3:16  SCV  
  35  3:22  SCV  
  35  3:25  Supply Depot  
  36  3:31  SCV, Cyclone  
  36  3:34  Cyclone  
  43  3:41  SCV  
  44  3:47  SCV  
  45  3:48  Supply Depot  
  45  3:53  SCV  
  46  3:58  Terran Vehicle Weapons Level 1  
  46  3:59  SCV  
  47  4:07  SCV  
  47  4:09  Cyclone x2  
  54  4:11  SCV  
  54  4:14  Supply Depot  
  55  4:19  SCV  
  55  4:23  SCV  
  57  4:34  SCV  
  57  4:36  SCV  
  59  4:41  Cyclone  
  59  4:44  Supply Depot  
  59  4:45  Command Center, Cyclone  
  65  4:46  SCV  
  65  4:48  SCV  
  67  4:58  SCV  
  68  5:04  Refinery  
  68  5:05  SCV  
  68  5:06  Refinery  
  68  5:10  SCV  
  69  5:16  Factory  
  69  5:18  SCV  
  70  5:21  Supply Depot  
  70  5:22  SCV  
  70  5:23  Supply Depot  
  70  5:24  Hellion x2  
  70  5:27  Factory  
  75  5:30  SCV  
  75  5:34  SCV  
  77  5:37  Supply Depot  
  78  5:42  SCV  
  78  5:45  Hellion x2  
  78  5:47  SCV  
  83  5:55  Terran Vehicle Weapons Level 2, SCV  
  75  6:12  SCV, Cyclone  
  75  6:13  Factory Tech Lab  
  75  6:15  SCV  
  76  6:24  SCV  
  76  6:25  Hellion x2  
  81  6:27  Factory, SCV  
  73  6:42  Siege Tank  
  73  6:43  Factory  
  73  6:44  Hellion x4  
  76  6:50  Orbital Command, SCV  
  77  6:59  Refinery x2  
  77  7:01  Factory Tech Lab  
  70  7:07  Hellion x2  
  70  7:09  SCV  
  70  7:13  SCV  
  72  7:15  Factory Reactor  
  72  7:22  SCV  
  73  7:23  Hellion  
  73  7:24  Engineering Bay  
  73  7:27  SCV  
  73  7:28  SCV  
  80  7:30  Factory Tech Lab  
  80  7:34  SCV  
  80  7:35  Thor  
  82  7:44  Widow Mine x2, SCV  
  82  7:46  SCV x2  
  86  7:54  Missile Turret  
  86  7:55  Missile Turret  
  86  7:56  SCV  
  86  7:58  Missile Turret, SCV x2  
  83  8:03  Missile Turret  
  79  8:08  SCV  
  79  8:10  SCV  
  81  8:14  Terran Vehicle And Ship Armor Level 1, SCV  
  82  8:20  Thor, SCV  
  82  8:21  Infernal Pre-Igniter  
  88  8:29  SCV  
  88  8:30  Thor  
  94  8:40  Thor  
  98  8:42  Hellion x3  
  98  8:47  SCV x2  
  98  8:48  Supply Depot x2  
  106  8:50  Hellion  
  105  8:57  SCV  
  106  9:03  SCV  
  106  9:06  SCV  
  106  9:07  Starport  
  106  9:08  Command Center  
  106  9:09  SCV  
  109  9:14  Hellion x2  
  109  9:15  Hellion, Thor  
  121  9:22  Thor  
  127  9:34  Thor  
  131  9:40  Supply Depot x2  
  131  9:42  Supply Depot  
  131  9:44  Hellion  
  131  9:45  Starport Reactor  
  131  10:02  Hellion, Siege Tank  
  131  10:03  Hellion  
  131  10:05  Thor  
  139  10:15  Terran Vehicle And Ship Armor Level 2  
  139  10:17  Siege Tank  
  139  10:18  Hellion  
  139  10:19  Hellion  
  139  10:20  Armory  
  146  10:31  Hellion x2  
  146  10:34  Siege Tank  
  146  10:35  Supply Depot  
  153  10:48  Siege Tank  
  154  10:51  Thor  
  154  10:52  Hellion  
  154  10:55  Liberator  
  154  10:56  Hellion, Liberator  
  148  11:06  Siege Tank  
  149  11:15  Terran Ship Weapons Level 1  
  153  11:20  Siege Tank  
  156  11:32  Hellion  
  158  11:34  Siege Tank  
  136  11:42  Hellion x2, Siege Tank  
  133  12:01  Hellion x2  
  138  12:03  Hellion  
  138  12:07  Viking  
  138  12:08  Viking  
  141  12:10  Refinery  
  141  12:13  Refinery  
  141  12:16  Factory Tech Lab  
  141  12:23  Hellion x3, Siege Tank x2  
  141  12:25  Hellion  
  151  12:32  Liberator x2  
  151  12:34  Orbital Command  
  151  12:40  Planetary Fortress  
  149  12:45  Hellion x2  
  159  12:55  Siege Tank  
  162  13:00  Widow Mine x2  
  151  13:13  Hellion  
  151  13:19  SCV  
  130  13:20  SCV  
  130  13:22  SCV, Liberator  
  134  13:27  Hellion  
  134  13:29  Liberator  
  134  13:32  SCV x2  
  133  13:35  Widow Mine x4  
  144  13:47  SCV  
  148  13:49  Refinery  
  148  13:52  Widow Mine x2  
  152  14:06  Orbital Command  
  152  14:10  Thor, Siege Tank  
  152  14:11  Hellion  
  159  14:21  Hellion  
  159  14:22  Viking, Siege Tank  
  157  14:29  Viking  
  146  14:39  Hellion  
  146  14:42  Siege Tank  
  149  14:46  SCV x2  
  149  14:51  Refinery x2  
  151  14:53  Siege Tank  
  151  14:58  Viking  
  156  15:01  Widow Mine x3  
  156  15:03  Starport  
  156  15:04  Starport  
  156  15:05  SCV  
  156  15:06  SCV  
  162  15:32  Widow Mine x3, Viking x2  
  137  16:03  Widow Mine x4  
  137  16:04  Drilling Claws, Widow Mine x3  
  147  16:16  SCV  
  148  16:22  Starport Tech Lab  
  148  16:27  Starport Tech Lab  
  154  16:32  Hellion  
  154  16:33  Viking, Hellion x3  
  154  16:34  Widow Mine x2, Viking  
  155  16:47  Widow Mine  
  155  16:53  Widow Mine  
  157  16:56  Raven x2  
  157  16:57  Recalibrated Explosives  
  157  16:58  Corvid Reactor  
  157  17:00  Hellion x2  
  165  17:03  Siege Tank x2  
  171  17:10  Viking x2  
  172  17:21  Liberator  
  166  17:29  Widow Mine x4  
  166  17:34  Refinery  
  166  17:35  Refinery  
  160  17:39  Viking  
  160  17:43  Orbital Command  
  153  17:51  Viking x2  
  151  18:09  Viking  
  133  18:21  Viking x3  
  133  18:25  Hellion  
  138  18:39  Hellion  
  140  18:44  Hellion, Siege Tank  
  140  18:48  Hellion  
  139  18:50  Viking  
  139  18:54  Hellion  
  139  18:55  Siege Tank  
  139  18:59  Supply Depot  
  139  19:05  Orbital Command  
  139  19:21  Hellion x3, Raven  
  139  19:22  Supply Depot  
  139  19:24  Supply Depot  
  147  19:25  Supply Depot  
  133  19:43  Viking x2  
  133  19:51  SCV  
  133  19:52  SCV x3  
  121  20:03  Thor, Siege Tank  
  126  20:14  Raven x2  
  130  20:21  Widow Mine x3  
  130  20:22  Widow Mine  
  138  20:34  Siege Tank  
  141  20:39  Orbital Command  
  141  20:48  Hellion x2  
  132  20:58  Raven  
  132  21:01  SCV x2, Hellion x3  
  130  21:12  SCV x2  
  130  21:27  Widow Mine x5  
  140  21:39  Widow Mine x2  
  136  21:55  Widow Mine  
  136  21:56  Hellion x2  
  136  21:57  Hellion  
  140  22:06  Orbital Command  
  139  22:10  Widow Mine x2  
  143  22:19  Raven  
  145  22:26  Hellion  
  131  22:30  Viking  
  131  22:36  Orbital Command, Hellion  
  135  22:41  SCV x2  
  133  23:06  Banshee  
  132  23:21  Banshee  
  132  23:22  Viking  
  132  23:25  SCV x3  
  127  23:50  Hellion x4  
  127  23:53  Refinery  
  127  23:54  Refinery, Cloaking Field, Banshee  
  134  24:06  Hellion  
  136  24:11  Hellion x2  
  140  24:25  Hellion x2  
  140  24:27  Siege Tank  
  140  24:28  SCV  
  140  24:29  SCV  
  149  24:32  Banshee  
  149  24:37  Hellion  
  152  24:39  Widow Mine  
  152  24:40  Orbital Command  
  152  24:41  Refinery x2  
  154  24:50  Banshee  
  153  25:12  Viking  
  152  25:19  Orbital Command  
  156  25:21  Hellion x2  
  156  25:35  Hellion x2, Raven  
  156  25:45  Banshee  
  159  26:03  Widow Mine x2  
  163  26:07  Refinery  
  163  26:09  Refinery  
  156  26:22  Banshee  
  159  26:29  SCV  
  159  26:30  Hellion  
  159  26:32  Banshee  
  165  26:35  SCV  
  166  26:43  Missile Turret  
  166  26:44  Liberator  
  164  26:49  Hellion x2  
  164  26:50  Hellion x2  
  170  26:57  Supply Depot  
  170  26:58  Supply Depot x2  
  170  26:59  Supply Depot, Siege Tank  
  170  27:19  Banshee  
  173  27:31  Banshee  
  176  27:41  Missile Turret  
  176  27:43  Widow Mine x3  
  176  27:44  Widow Mine  
  174  27:55  Widow Mine x3  
  177  28:12  Banshee  
  163  28:21  Terran Ship Weapons Level 2  
  161  28:33  Hyperflight Rotors  
  161  28:55  Raven  
  161  28:56  Hellion  
  161  28:57  Hellion x2  
  169  29:14  Raven  
  164  29:28  Hellion x3  
  161  29:42  Raven  
  163  29:54  SCV  
  163  29:55  SCV  
  165  30:12  Raven  
  165  30:14  Hellion x4  
  175  30:15  Hellion  
  177  30:26  Widow Mine  
  177  30:27  Widow Mine  
  181  30:34  Widow Mine  
  182  30:46  Banshee  
  182  30:49  Viking x2  
  186  31:01  Widow Mine x4, Refinery  
  194  31:08  Orbital Command  
  194  31:39  Hellion x3, Siege Tank  
  177  31:43  Raven x2  
  152  32:07  Hellion x2  
  146  32:11  Hellion  
  146  32:12  Hellion  
  146  32:13  Hellion  
  132  32:25  Raven  
  134  32:44  SCV x3  
  134  32:45  SCV  
Show
View Real Time Build Order
Export as new Build Order

IlIlIlIlIlIl Zerg 

Build Orders: Hatch First, Muta Ling Bane, Swarm Host 

Get SALT Encoding   

  12  0:01  Drone  
  13  0:12  Overlord  
  13  0:16  Drone  
  14  0:31  Drone x2  
  14  0:35  Drone  
  17  0:52  Hatchery  
  17  0:55  Drone  
  17  0:59  Drone  
  18  1:04  Extractor  
  17  1:15  Spawning Pool  
  17  1:17  Drone  
  17  1:21  Drone  
  18  1:31  Overlord  
  18  1:46  Drone  
  19  2:04  Queen  
  19  2:05  Zergling x2  
  19  2:06  Queen  
  24  2:09  Metabolic Boost  
  24  2:11  Drone x2  
  24  2:14  Zergling x2  
  27  2:18  Zergling x2  
  28  2:24  Drone  
  28  2:42  Hatchery  
  27  2:45  Drone  
  27  2:46  Drone  
  27  2:50  Drone  
  30  2:59  Queen  
  30  3:03  Overlord  
  32  3:08  Drone x2  
  32  3:10  Drone  
  35  3:21  Queen  
  35  3:23  Drone x3  
  41  3:27  Drone x2  
  41  3:29  Drone  
  43  3:40  Overlord  
  43  3:53  Overlord  
  43  3:55  Queen  
  45  4:09  Drone x11  
  56  4:12  Queen  
  58  4:17  Drone x2  
  58  4:18  Drone  
  58  4:20  Lair  
  58  4:22  Extractor  
  60  4:25  Extractor  
  60  4:27  Zergling x10  
  64  4:32  Extractor  
  64  4:35  Zergling x6  
  66  4:39  Overlord x2  
  66  4:44  Baneling Nest  
  65  4:45  Evolution Chamber  
  63  4:56  Drone x2  
  63  4:57  Drone, Queen  
  68  5:03  Drone x7  
  68  5:06  Overlord  
  75  5:11  Overlord  
  75  5:24  Spire  
  75  5:25  Zergling x12  
  80  5:29  Baneling x3  
  80  5:32  Queen  
  82  5:41  Baneling x3  
  82  5:44  Drone x3  
  82  5:45  Drone x3  
  82  5:48  Drone  
  89  5:55  Drone  
  89  5:56  Overlord  
  84  6:07  Zergling x20  
  88  6:15  Zergling x6  
  82  6:26  Zergling x6  
  82  6:30  Zergling x2  
  82  6:31  Zergling x2  
  78  6:35  Zergling x2, Queen  
  78  6:36  Queen, Baneling x3  
  80  6:42  Mutalisk x2  
  80  6:43  Hatchery  
  80  6:45  Queen  
  81  6:47  Mutalisk  
  83  6:57  Hatchery  
  83  6:59  Mutalisk x3  
  83  7:02  Drone x2  
  85  7:08  Mutalisk  
  85  7:13  Drone x2  
  85  7:14  Drone x2, Extractor  
  90  7:18  Drone x2, Extractor  
  90  7:19  Zerg Ground Armor Level 1  
  91  7:23  Evolution Chamber  
  91  7:25  Baneling x2, Infestation Pit  
  89  7:33  Mutalisk x2  
  92  7:45  Drone x6  
  96  7:53  Drone x3  
  96  7:56  Drone  
  96  7:57  Drone x5  
  96  7:58  Zerg Missile Weapons Level 1  
  103  7:59  Drone  
  104  8:08  Zerg Flyer Armor Level 1  
  104  8:11  Overlord x2  
  104  8:14  Hatchery  
  104  8:17  Drone  
  104  8:18  Drone x5  
  109  8:29  Overlord x2  
  109  8:31  Extractor x2  
  109  8:32  Spine Crawler  
  106  8:34  Centrifical Hooks  
  106  8:35  Spore Crawler  
  105  8:42  Baneling x3  
  105  8:44  Drone x2  
  105  8:45  Swarm Host x5  
  116  8:59  Swarm Host  
  116  9:00  Swarm Host x3  
  116  9:02  Queen  
  130  9:03  Drone x2  
  130  9:08  Queen  
  130  9:09  Drone x2  
  136  9:13  Overlord  
  136  9:14  Overlord x2  
  136  9:15  Zerg Melee Weapons Level 1  
  136  9:17  Zergling x8  
  136  9:18  Zergling x4  
  136  9:23  Overlord x2  
  142  9:30  Drone, Extractor  
  142  9:37  Swarm Host x7  
  163  9:59  Swarm Host x8  
  187  10:09  Overlord x3  
  187  10:10  Hive  
  187  10:14  Zergling x2  
  188  10:17  Baneling x9  
  188  10:19  Overlord x4  
  188  10:24  Zerg Missile Weapons Level 2  
  188  10:33  Queen x5  
  198  10:39  Zergling x4  
  179  10:51  Zergling x32  
  187  10:58  Zergling x20  
  187  11:02  Baneling x3  
  187  11:03  Baneling  
  192  11:09  Drone x5  
  187  11:12  Baneling x12  
  187  11:15  Baneling x2  
  167  11:39  Zergling x18  
  167  11:42  Zergling x2  
  167  11:43  Zergling x24  
  173  11:52  Swarm Host  
  173  11:53  Swarm Host x4  
  183  11:59  Greater Spire  
  183  12:01  Swarm Host x3  
  182  12:06  Baneling x6  
  190  12:12  Swarm Host x3  
  190  12:15  Baneling x5  
  198  12:30  Zerg Melee Weapons Level 2  
  198  12:44  Drone  
  198  12:46  Spine Crawler  
  192  12:59  Hatchery  
  192  13:04  Drone x2  
  187  13:09  Drone x3  
  187  13:10  Corruptor x6  
  181  13:20  Drone  
  181  13:21  Drone x6  
  186  13:29  Drone x2  
  188  13:37  Zerg Missile Weapons Level 3  
  188  13:45  Drone  
  189  13:51  Zergling x10  
  191  14:06  Drone  
  191  14:08  Drone  
  190  14:10  Drone x5  
  190  14:11  Drone x2  
  186  14:27  Drone x11  
  186  14:29  Queen  
  199  14:41  Overseer  
  199  14:42  Overseer  
  199  14:44  Baneling  
  199  14:45  Baneling x7  
  199  14:48  Zerg Melee Weapons Level 3  
  199  15:03  Drone  
  199  15:04  Spore Crawler, Extractor x2  
  197  15:07  Spine Crawler  
  195  15:16  Baneling x5  
  193  15:31  Corruptor x4  
  195  15:39  Zergling x12  
  184  15:51  Corruptor x7  
  189  16:00  Corruptor x7  
  195  16:15  Brood Lord  
  195  16:16  Brood Lord  
  199  16:19  Baneling x3  
  199  16:20  Baneling x3  
  199  16:21  Overseer  
  199  16:22  Zerg Ground Armor Level 2, Overseer  
  198  16:38  Brood Lord  
  198  16:44  Drone x3  
  198  16:45  Drone x2  
  184  17:10  Corruptor x5  
  194  17:20  Brood Lord  
  194  17:21  Zergling x2, Brood Lord  
  194  17:22  Zergling x12  
  199  17:29  Brood Lord x2  
  197  17:37  Zergling x4  
  198  17:46  Zergling x2  
  198  17:47  Zergling x6  
  196  17:58  Corruptor x4  
  174  18:25  Swarm Host x9  
  175  18:44  Baneling x6  
  173  19:01  Corruptor x2  
  173  19:02  Corruptor  
  179  19:06  Hatchery  
  178  19:14  Overseer  
  178  19:30  Swarm Host  
  178  19:31  Swarm Host x4  
  173  19:43  Corruptor  
  147  19:53  Zergling x2  
  147  19:54  Zergling x8  
  152  20:05  Swarm Host  
  153  20:19  Overseer  
  151  20:30  Drone x2  
  151  20:31  Drone x5  
  148  20:52  Drone x8  
  150  21:00  Overseer  
  150  21:03  Drone x2  
  150  21:04  Drone  
  148  21:39  Swarm Host x4  
  148  21:40  Swarm Host x3  
  170  21:47  Drone x2  
  170  21:48  Drone x3  
  169  22:12  Queen  
  169  22:13  Queen x3  
  166  22:43  Zergling x2  
  166  22:44  Zergling x2  
  168  22:48  Queen x2  
  168  22:50  Queen  
  168  22:53  Zergling x2  
  168  22:54  Zergling x2  
  169  23:11  Overseer  
  169  23:13  Drone x2  
  168  23:25  Zergling x2  
  168  23:26  Zergling x10  
  168  23:54  Spore Crawler, Spine Crawler  
  164  24:06  Hatchery  
  164  24:08  Queen x2  
  167  24:17  Zergling x4  
  166  24:30  Overlord  
  159  25:10  Swarm Host x6  
  164  25:23  Overlord x3  
  155  25:40  Drone x9  
  164  25:45  Overseer  
  164  25:54  Drone  
  164  25:55  Drone  
  164  25:56  Spore Crawler  
  165  25:59  Spine Crawler  
  164  26:23  Zergling x2  
  164  26:24  Zergling x16  
  173  26:34  Zergling x2  
  173  26:38  Drone x5  
  176  26:44  Drone x2  
  164  26:58  Drone x3  
  167  27:14  Queen  
  169  27:16  Infestor  
  170  27:39  Swarm Host  
  170  27:40  Swarm Host x3  
  182  27:44  Extractor  
  182  27:45  Extractor  
  182  27:50  Infestor x2  
  184  28:07  Queen  
  185  28:17  Overseer  
  185  28:19  Overseer x2  
  185  28:21  Overlord x2  
  185  28:26  Overlord  
  181  28:28  Overlord  
  179  28:40  Queen  
  178  28:56  Queen x2  
  172  29:18  Queen x2  
  176  29:32  Queen  
  177  29:47  Corruptor  
  177  29:48  Corruptor x3  
  185  30:00  Corruptor  
  177  30:15  Corruptor x2  
  177  30:17  Overlord  
  180  30:55  Corruptor x4  
  188  31:03  Overlord  
  188  31:18  Overlord  
  183  31:25  Infestor  
  183  31:26  Infestor  
  183  31:37  Zergling x6  
  183  31:38  Zergling x4  
  182  31:43  Overlord  
  173  31:58  Zergling x12  
  105  32:18  Overseer x2  
  105  32:19  Overseer  
  103  32:28  Corruptor x3  
  109  32:34  Corruptor  
  102  32:39  Overseer  
Tags
 
Add a new tag
Caveats
  • Supply blocks, unpowered buildings, or Contaminate may cause inaccurate times.
  • Supply counts are checked every 10 seconds.